AoeStats
← MattAtArms

Arabia

504816486Analyzed
1v1 RM · 2mo ago on Sep 6, 2026· 68m 28s· 2 players
Game mode
Random Map
Map size
Tiny (2 player)
Population
200
Speed
Normal
Resources
Standard
Victory
Conquest
Starting age
Dark Age
Ending age
Imperial Age
RankedLock teamsTeams togetherTeam positionsShared explorationLock speedFull tech treeHidden civsTurbo modeCheats
Victory
Defeat
🇦🇷 Vikings · Argentina
1870
+20
vs
🇬🇧 Poles · United Kingdom
1957
-20
PNAL | Killer
7:00 Loom
7:08 Loom
9:37 Feudal Age
9:49 Man-at-Arms
12:47 Double-Bit Axe
19:46 Castle Age
19:13 Fletching
19:47 Gold Mining
19:59 Crossbowman
20:29 Horse Collar
21:12 Padded Archer Armor
21:23 Bodkin Arrow
22:06 Bow Saw
22:33 Town Watch
25:28 Ballistics
33:00 Padded Archer Armor
36:56 Imperial Age
35:51 Leather Archer Armor
36:37 Stone Mining
36:58 Arbalester
37:54 Bracer
38:07 Heavy Plow
39:28 Chemistry
39:49 Ring Archer Armor
39:53 Scale Mail Armor
39:14 Pikeman
39:55 Squires
41:46 Bogsveigar
44:18 Chain Mail Armor
44:14 Forging
46:07 Elite Skirmisher
48:16 Plate Mail Armor
48:08 Conscription
47:09 Elite Berserk
50:55 Arson
53:03 Chieftains
54:31 Iron Casting
58:32 Blast Furnace
60:53 Two-Man Saw
60:26 Long Swordsman
60:51 Gambesons
62:10 Two-Handed Swordsman
62:57 Champion
63:47 Capped Ram
MattAtArms
8:55 Feudal Age
7:37 Loom
9:22 Double-Bit Axe
10:36 Loom
17:07 Gold Mining
20:10 Castle Age
17:54 Horse Collar
18:47 Fletching
18:57 Padded Archer Armor
19:37 Bloodlines
20:58 Bodkin Arrow
21:39 Husbandry
23:19 Leather Archer Armor
23:45 Ballistics
35:00 Thumb Ring
36:11 Wheelbarrow
35:23 Town Watch
40:29 Imperial Age
39:08 Scale Barding Armor
39:13 Forging
38:35 Elite Skirmisher
40:31 Chain Barding Armor
41:00 Hand Cart
40:06 Light Cavalry
41:25 Bracer
42:26 Chemistry
42:46 Winged Hussar
44:28 Iron Casting
44:58 Masonry
46:30 Blast Furnace
46:08 Conscription
49:00 Conscription
49:43 Lechitic Legacy
50:00 Hoardings
50:48 Crossbowman
50:54 Cavalier
51:54 Szlachta Privileges
62:27 Crossbowman
63:14 Arbalester
Connection lost

Rejoining the realm…

Still unreachable

The connection could not be restored.

Session expired

The server has moved on; the page needs a fresh start.